 Dungeon Crawl Stone Soup version 0.25-a0-599-g15d2498 (webtiles) character file.

Game seed: 12421208971656706321, levelgen mode: deterministic

319 2tousent the Caller (level 6, -1/48 HPs)
             Began as a Merfolk Overseer on Dec 31, 2019.
             Splashed by a jelly's acid (11 damage)
             ... on level 5 of the Dungeon.
             The game lasted 00:14:07 (6617 turns).

2tousent the Caller (Merfolk Overseer)              Turns: 6617, Time: 00:14:08

Health: -1/48      AC: -9    Str: 16    XL:     6   Next: 45%
Magic:  7/10       EV: 11    Int: 19    God:
Gold:   125        SH:  0    Dex: 11    Spells: 4/11 levels left
                                        Lives:  0   Deaths: 2 Game modifiers: None

rFire    . . .     SeeInvis .     - Unarmed
rCold    . . .     Gourm    .   (no shield)
rNeg     . . .     Faith    .   (no armour)
rPois    .         Spirit   .   q - +1 helmet
rElec    .         Reflect  .   j - +0 cloak
rCorr    .         Harm     .   (no gloves)
MR       .....                  (no boots)
Stlth    +.........             (no amulet)
HPRegen  0.16/turn              (no ring)
MPRegen  0.12/turn              (no ring)

@: corroded
A: change form in water, swift swim, stealthy swim
a: no special abilities


You were on level 5 of the Dungeon.
You were not hungry.

You visited 1 branch of the dungeon, and saw 5 of its levels.

You collected 125 gold pieces.

Inventory:

Hand Weapons
 a - a +0 whip
Armour
 j - a +0 cloak (worn)
 q - a +1 helmet (worn)
Jewellery
 g - an uncursed ring of fire
Scrolls
 c - 2 scrolls of identify
 e - a scroll of magic mapping
 h - 2 scrolls of enchant armour
 i - a scroll of teleportation
 l - 2 scrolls of blinking
Potions
 d - 2 potions of curing
 f - a potion of haste {unknown}
 k - 2 potions of lignification
 m - a potion of degeneration {unknown}
 n - a potion of invisibility {unknown}
 o - 2 potions of brilliance {unknown}
 p - a potion of flight {unknown}
Comestibles
 b - 9 rations
 r - 3 chunks of flesh


   Skills:
 + Level 3.8 Fighting
 - Level 1.5 Maces & Flails
 * Level 1.1 Unarmed Combat
 + Level 3.1 Spellcasting
 * Level 6.3 Summonings


You had 4 spell levels left.
You knew the following spells:

 Your Spells              Type           Power        Failure   Level  Hunger
b - Call Imp              Summ           ####....     1%          2    ##.....
c - Summon Demon          Summ           ####......   30%         5    ######.

Your spell library contained the following spells:

 Spells                   Type           Power        Failure   Level  Hunger
 Foxfire                  Conj/Fire      #...         16%         1    None
 Conjure Flame            Conj/Fire      #.......     41%         3    ###....
 Inner Flame              Hex/Fire       #.......     41%         3    ###....
 Sticky Flame             Conj/Fire      #.......     83%         4    ####...
 Fireball                 Conj/Fire      #.........   99%         5    ######.
 Malign Gateway           Summ/Tloc      ###.......   100%        7    #######


Dungeon Overview and Level Annotations

Branches:
Dungeon (5/15)
 Temple: D:4-7

Altars:
Fedhas
Trog


Message History

The jelly is severely wounded.
The jelly closely misses you.
You hit the jelly.
Your hands burn!
The jelly is almost dead.
The jelly barely misses you.
You hit the jelly but do no damage.
Your hands burn!
The jelly is almost dead.
The jelly hits you.
You are splashed with acid!
Your crimson imp barely misses the jelly.
You are too injured to fight recklessly!
You are too injured to fight recklessly!
You are too injured to fight recklessly!
You are too injured to fight recklessly!
You hit the jelly but do no damage. The acid corrodes you!
Your hands burn!
* * * LOW HITPOINT WARNING * * *
The jelly is almost dead.
The jelly hits you.
* * * LOW HITPOINT WARNING * * *
The acid corrodes you!
You are splashed with acid!
You die...

##......# ##........
#......... #.........
#......... .##
#......... ....######
#.........
#...J5?#######........
#...@................
.....###.######.........
### ..... #.....<...
#........ #.........
#.........).........
#.........##.........
...........###........
##.........# ##......#
########


You could see a jelly and a friendly crimson imp.

Vanquished Creatures
  Grinder (D:3)
  An adder (D:2)
  A dart slug (D:1)
  2 leopard geckos (D:3)
  An orc (D:3)
  2 giant cockroaches (D:2)
  2 goblins
  3 hobgoblins
  2 quokkas (D:3)
  5 bats
  4 frilled lizards
  6 kobolds
  3 rats
33 creatures vanquished.

Vanquished Creatures (collateral kills)
  An ogre (D:4)
  10 gnolls
  4 adders
  An ooze (D:3)
  2 worms
  A leopard gecko (D:3)
  2 orcs (D:3)
  A bat (D:2)
  A giant cockroach (D:4)
  A goblin (D:3)
  A kobold (D:2)
  A frilled lizard (D:2)
  A rat (D:3)
27 creatures vanquished.

Grand Total: 60 creatures vanquished

Notes
Turn   | Place    | Note
-------+----------+-------------------------------------------
     0 | D:1      | 2tousent the Shapeshifter Overseer began the quest for the
                  | Orb.
     0 | D:1      | Reached XP level 1. HP: 15/15 MP: 1/1
   610 | D:1      | Reached skill level 1 in Spellcasting
   939 | D:1      | Shapeshifted into a Deep Elf.
   939 | D:1      | Reduced skill Maces & Flails to level 1
   939 | D:1      | Reached XP level 2. HP: 10/16 MP: 1/6
  1045 | D:1      | Learned a level 2 spell: Call Imp
  1788 | D:2      | Shapeshifted into a Ogre.
  1788 | D:2      | Reduced skill Summonings to level 4
  1788 | D:2      | Reached XP level 3. HP: 36/36 MP: 5/6
  2824 | D:2      | Found a blossoming altar of Fedhas.
  2928 | D:3      | Noticed Grinder
  3316 | D:3      | Found a bloodstained altar of Trog.
  3326 | D:3      | Shapeshifted into a Hermit Crab.
  3326 | D:3      | Reached skill level 5 in Summonings
  3326 | D:3      | Reached XP level 4. HP: 32/33 MP: 6/7
  3894 | D:3      | Mangled by an orc
  5069 | D:3      | Slain by a quokka
  5074 | D:3      | Shapeshifted into a Turtle.
  5074 | D:3      | Reduced skill Maces & Flails to level 1
  5074 | D:3      | Reduced skill Summonings to level 4
  5074 | D:3      | Reached XP level 5. HP: 34/35 MP: 4/7
  5074 | D:3      | Reached XP level 5. HP: 34/35 MP: 4/7
  5133 | D:3      | Learned a level 5 spell: Summon Demon
  5570 | D:3      | Paralysed by Grinder for 4 turns
  5620 | D:3      | Paralysed by Grinder for 4 turns
  5643 | D:3      | Paralysed by Grinder for 3 turns
  5656 | D:3      | Killed Grinder
  5656 | D:3      | Reached skill level 5 in Summonings
  5656 | D:3      | Shapeshifted into a Merfolk.
  5656 | D:3      | Reached skill level 6 in Summonings
  5656 | D:3      | Reached XP level 6. HP: 14/47 MP: 1/10
  6427 | D:4      | Reached skill level 1 in Unarmed Combat
  6582 | D:5      | Entered Level 5 of the Dungeon
  6617 | D:5      | Splashed by a jelly's acid

Levels and vault maps discovered:
D:1:      dpeg_arrival_pits, layout_loops_ring
D:2:      layout_basic, minmay_misc_feat_plants, fedhas_altar_4
D:3:      layout_loops_cross, lemuel_round_altar, uniq_grinder
D:4:      layout_basic, first_ration
D:5:      layout_rooms, minmay_shop_enchanted_jewellery, uniq_blork_the_orc

Skill      XL: |  1  2  3  4  5  6 |
---------------+-------------------+-----
Spellcasting   | 1 2 3 |  3.1
Maces & Flails | 1 2 1 |  1.5
Fighting       | 2 2 3 |  3.8
Summonings     | 4 5 4 6 |  6.3
Unarmed Combat | 1 |  1.1

Action                   |  1- 3 |  4- 6 || total
-------------------------+-------+-------++-------
Melee: Whip              |   104 |    89 ||   193
       Headbutt          |     2 |       ||     2
       Unarmed           |       |    28 ||    28
 Cast: Beastly Appendage |     6 |       ||     6
       Call Imp          |    13 |    29 ||    42
       Summon Demon      |       |     3 ||     3
  Use: Potion            |       |     1 ||     1
       Scroll            |       |     7 ||     7
 Stab: Sleeping          |       |     2 ||     2
       Distracted        |       |     2 ||     2
  Eat: Chunk             |     8 |     6 ||    14
Armor: Skin              |    28 |     7 ||    35
Dodge: Dodged            |    51 |    71 ||   122

Table legend:
 A = Non-vault XP
 B = Vault XP
 C = Vault XP percentage of total XP
 D = Non-vault monster count
 E = Vault monster count
 F = Vault count percentage of total count
                 A         B        C        D         E       F
            +---------+---------+-------+---------+---------+-------
      Total |     267 |     189 |  41.4 |      59 |       1 |   1.7
            +---------+---------+-------+---------+---------+-------
        D:1 |      15 |       0 |   0.0 |       9 |       0 |   0.0
        D:2 |      63 |       0 |   0.0 |      19 |       0 |   0.0
        D:3 |      91 |     189 |  67.5 |      24 |       1 |   4.0
        D:4 |      98 |       0 |   0.0 |       7 |       0 |   0.0
            +---------+---------+-------+---------+---------+-------
